 Dungeon Crawl Stone Soup version 0.27.1 (console) character file.

Game seed: 168752184795568046

5002 thromnambular the Fighter (level 10, -6/90 HPs)
             Began as a Purple Draconian Necromancer on Aug 29, 2021.
             Was a Priest of Uskayaw.
             Mangled by a blink frog (12 damage)
             ... on level 1 of the Lair of Beasts.
             The game lasted 00:24:28 (15171 turns).

thromnambular the Fighter (DrNe)                   Turns: 15171, Time: 00:24:28

Health: -6/90      AC:  7    Str: 13    XL:     10   Next: 29%
Magic:  11/17      EV: 14    Int: 22    God:    Uskayaw [***...]
Gold:   358        SH:  0    Dex: 12    Spells: 2/19 levels left

rFire    . . .     SeeInvis .   n - +2 morningstar (drain)
rCold    . . .     Faith    .   (no shield)
rNeg     . . .     Spirit   .   (armour unavailable)
rPois    .         Reflect  .   (helmet restricted)
rElec    .         Harm     .   (no cloak)
rCorr    .         Rampage  .   (no gloves)
Will     +....                  (no boots)
Stlth    ++........             (no amulet)
HPRegen  0.25/turn              f - +6 ring of intelligence
MPRegen  0.15/turn              (no ring)

@: no status effects
A: breathe power, AC +7, unfitting armour, cold-blooded
a: Breathe Dispelling Energy, Renounce Religion, Stomp, Line Pass


You were on level 1 of the Lair of Beasts.
You worshipped Uskayaw.
Uskayaw was noncommittal.
You visited 2 branches of the dungeon, and saw 10 of its levels.

You collected 527 gold pieces.
You spent 169 gold pieces at shops.

Inventory:

Hand Weapons
 n - a +2 morningstar of draining (weapon)
 p - a +3 flail
Missiles
 e - a throwing net
Jewellery
 f - a +6 ring of intelligence (left hand)
Wands
 m - a wand of polymorph (19)
 r - a wand of flame (26)
Scrolls
 b - 3 scrolls of teleportation
 c - a scroll of silence
 d - a scroll of magic mapping
 h - a scroll of enchant armour
 i - a scroll of fear
 j - a scroll of amnesia
 l - 3 scrolls of fog
 q - a scroll of holy word {unknown}
Potions
 a - 2 potions of flight
 g - a potion of berserk rage {unknown}
 k - a potion of cancellation
 o - a potion of heal wounds


   Skills:
 + Level 8.6 Fighting
 + Level 7.6 Maces & Flails
 + Level 7.4 Dodging
 - Level 1.7 Stealth
 - Level 5.0 Spellcasting
 - Level 5.0 Necromancy
 + Level 4.5 Translocations


You had 2 spell levels left.
You knew the following spells:

 Your Spells              Type           Power      Damage    Failure   Level
a - Pain                  Necr           100%       1d9       1%          1
b - Animate Skeleton      Necr           54%        N/A       1%          1
c - Vampiric Draining     Necr           13%        2d7       3%          3
d - Agony                 Necr           27%        N/A       34%         5
e - Manifold Assault      Tloc           25%        N/A       38%         5
B - Blink                 Tloc           N/A        N/A       2%          2

Your spell library contained the following spells:

 Spells                   Type           Power      Damage    Failure   Level
 Sublimation of Blood     Necr           13%        N/A       1%          2
 Magic Dart               Conj           20%        1d4       10%         1
 Call Imp                 Summ           5%         N/A       16%         2
 Wereblood                Tmut           5%         N/A       16%         2
 Animate Dead             Necr           13%        N/A       12%         4
 Conjure Flame            Conj/Fire      5%         6-21      30%         3
 Ignite Poison            Fire/Tmut/Pois 5%         N/A       30%         3
 Mephitic Cloud           Conj/Pois/Air  5%         N/A       30%         3
 Sticky Flame             Conj/Fire      5%         2d3       69%         4
 Storm Form               Tmut/Air       2%         N/A       100%        7
 Summon Hydra             Summ           2%         N/A       100%        7


Dungeon Overview and Level Annotations

Branches:
Dungeon (9/15)             Temple (0/1) D:6            Lair (1/6) D:8
    Orc: D:9-12

Altars:
Ashenzari
Cheibriados
Elyvilon
Nemelex Xobeh
Okawaru
Sif Muna
Uskayaw
Yredelemnul
The Shining One

Shops:
D:3 [   D:7 (   D:8 [


Innate Abilities, Weirdness & Mutations

You can breathe bolts of dispelling energy.
Your rich purple scales are hard. (AC +7)
You cannot fit into any form of body armour.
You are cold-blooded and may be slowed by cold attacks.


Message History

The blink frog closely misses you.
You sock the blink frog!
The blink frog is moderately wounded.
The blink frog blinks!
The blink frog hits you but does no damage.
The blink frog hits you!
The blink frog blinks!
The blink frog closely misses you.
Casting: Animate Skeleton (safe; 1% risk of failure)
Confirm with . or Enter, or press ? or * to list all spells.
Aiming: Vampiric Draining (mildly dangerous; 3% risk of failure)
Press: ? - help, Shift-Dir - straight line, f - blink frog
Aim: a blink frog (moderately wounded)
You draw life force from the blink frog!
You feel life coursing into your body.
Casting: Vampiric Draining (mildly dangerous; 3% risk of failure)
Confirm with . or Enter, or press ? or * to list all spells.
Aiming: Vampiric Draining (mildly dangerous; 3% risk of failure)
Press: ? - help, Shift-Dir - straight line, f/p - blink frog
Aim: a blink frog (heavily wounded)
You draw life force from the blink frog!
You feel life coursing into your body. The blink frog closely misses you.
The blink frog hits you but does no damage.
The blink frog blinks! x2
Uskayaw will force your foes to helplessly watch your dance.
Uskayaw prepares the audience for your solo!
The helpless blink frog fails to defend itself.
You hit the blink frog.
The blink frog is lightly wounded.
The blink frog is no longer paralysed. x4; The blink frog barely misses you.
The blink frog hits you but does no damage.
The blink frog misses you. The blink frog hits you!
You hit the blink frog.
Your tail-slap misses the blink frog.
The blink frog is lightly wounded.
The blink frog hits you!
* * * LOW HITPOINT WARNING * * *
The blink frog hits you but does no damage.
The blink frog hits you!
* * * LOW HITPOINT WARNING * * *
The blink frog hits you!
You die...

####.#.! ##......#
...F[#.### .§.....###.
#.F.F...§. #####
#######........
#...####..#......F....
##...FFF.F§..#.........
#....F@#.######......#.
########## #..##.#.#.
###.##P.....
#######...###.P§#.
#...#P....##...^..
#.........##.....#
#.................
#................#
#.#.##.÷....##...#


You could see 5 blink frogs.

Vanquished Creatures
  A komodo dragon (D:6)
  A polar bear (Lair:1)
  Sigmund (D:2)
  3 wyverns
  6 yaks (Lair:1)
  2 steam dragons
  2 ice beasts
  2 sky beasts
  A necrophage (D:4)
  2 black bears (D:7)
  5 centaurs
  2 kobold brigands
  A bullfrog (D:6)
  6 scorpions
  A wyvern zombie (D:8)
  A water moccasin skeleton (D:5)
  4 killer bees (D:7)
  3 bullfrog zombies
  3 hounds
  6 orc priests
  A centaur skeleton (D:6)
  2 bullfrog skeletons
  7 orc wizards
  3 iguanas
  A howler monkey zombie (D:5)
  2 gnolls
  A howler monkey skeleton (D:5)
  10 adders
  A worm (D:4)
  A dart slug (D:3)
  24 orcs
  5 endoplasms
  2 giant cockroaches
  5 goblins
  6 hobgoblins
  7 jackals
  7 kobolds
  5 quokkas
  5 ball pythons
  7 bats
  3 frilled lizards
  8 rats
166 creatures vanquished.

Vanquished Creatures (others)
  A shadow (D:6)
  An orc wizard (D:8)
  6 fungi
  5 plants (Lair:1)
13 creatures vanquished.

Grand Total: 179 creatures vanquished

Notes
Turn   | Place    | Note
-------+----------+-------------------------------------------
     0 | D:1      | thromnambular the Draconian Necromancer began the quest for
                  | the Orb.
     0 | D:1      | Reached XP level 1. HP: 14/14 MP: 3/3
   504 | D:1      | Learned a level 1 spell: Animate Skeleton
  1026 | D:1      | Reached skill level 1 in Fighting
  1026 | D:1      | Reached XP level 2. HP: 21/23 MP: 3/5
  1226 | D:1      | Found a faded altar of an unknown god.
  1239 | D:1      | Became a worshipper of Uskayaw the Reveller
  1239 | D:1      | Reached * piety under Uskayaw
  1786 | D:1      | Reached ** piety under Uskayaw
  1993 | D:2      | Noticed Sigmund
  2367 | D:2      | Reached XP level 3. HP: 23/29 MP: 1/6
  2520 | D:2      | Reached skill level 1 in Maces & Flails
  2849 | D:2      | Reached *** piety under Uskayaw
  2853 | D:2      | Killed Sigmund
  2854 | D:2      | Reached skill level 3 in Fighting
  2854 | D:2      | Reached XP level 4. HP: 31/38 MP: 2/7
  2854 | D:2      | Reached XP level 5. HP: 36/45 MP: 2/8
  2854 | D:2      | Reached **** piety under Uskayaw
  3137 | D:2      | Learned a level 2 spell: Blink
  3141 | D:2      | Learned a level 3 spell: Vampiric Draining
  3914 | D:3      | Reached XP level 6. HP: 47/51 MP: 4/9
  4133 | D:3      | Found a white marble altar of Elyvilon.
  4351 | D:3      | Found Ucirch's Antique Armour Emporium.
  4353 | D:3      | Found a sparkling altar of Nemelex Xobeh.
  4573 | D:4      | Found a glowing golden altar of the Shining One.
  4923 | D:4      | Reached skill level 1 in Translocations
  5110 | D:4      | Reached skill level 4 in Fighting
  5381 | D:4      | Noticed a wyvern
  5395 | D:4      | Killed a wyvern
  5396 | D:4      | Your scales start taking on a rich purple colour.
  5396 | D:4      | Reached XP level 7. HP: 25/60 MP: 1/10
  5651 | D:5      | Entered Level 5 of the Dungeon
  6777 | D:5      | Reached skill level 5 in Fighting
  6896 | D:5      | Learned a level 5 spell: Agony
  6908 | D:5      | Reached XP level 8. HP: 56/68 MP: 13/13
  7577 | D:5      | Reached skill level 5 in Dodging
  7754 | D:5      | Found a snail-covered altar of Cheibriados.
  7838 | D:6      | Found a staircase to the Ecumenical Temple.
  8099 | D:6      | Found a broken altar of Ashenzari.
  8314 | D:6      | Reached skill level 5 in Maces & Flails
  8645 | D:6      | Reached skill level 6 in Fighting
  8780 | D:6      | Reached skill level 5 in Necromancy
 10128 | D:6      | Reached XP level 9. HP: 26/78 MP: 2/15
 10150 | D:6      | Noticed a cyan ugly thing
 10638 | D:6      | Noticed a komodo dragon
 10675 | D:6      | Killed a komodo dragon
 10876 | D:7      | Found Zaede's Antique Weapon Emporium.
 10882 | D:7      | Bought a glowing flail for 169 gold pieces
 11136 | D:7      | Reached skill level 7 in Fighting
 11201 | D:7      | Reached skill level 5 in Spellcasting
 11206 | D:7      | Reached ***** piety under Uskayaw
 11490 | D:7      | Learned a level 5 spell: Manifold Assault
 12253 | D:7      | Found a basalt altar of Yredelemnul.
 13501 | D:8      | Reached skill level 8 in Fighting
 13660 | D:8      | Found an iron altar of Okawaru.
 13662 | D:8      | Found a shimmering blue altar of Sif Muna.
 13830 | D:8      | Found a staircase to the Lair.
 14081 | D:8      | Found Juiregiah's Armour Emporium.
 14724 | Lair:1   | Entered Level 1 of the Lair of Beasts
 14768 | Lair:1   | Reached XP level 10. HP: 76/88 MP: 17/17
 15171 | Lair:1   | Mangled by a blink frog

Illustrated notes

Levels and vault maps discovered:
D:1:      lightli_arrival_maybe_door_vault, layout_basic,
          shapermc_ecumenical_altar_mp_urbaneastern, roderic_serpentine_path,
          interstate_on_off, chequers_serial_rivers_micro_c
D:2:      layout_loops_ring, grunt_ministairs_11, nrook_mini_vaults,
          hangedman_abyss_or_decor_stabs, uniq_sigmund
D:3:      layout_rooms, overflow_temple_1_default,
          mainiacjoe_overflow_cross_hatched, serial_shops, shop
D:4:      layout_basic, mainiacjoe_overflow_alcove_4, hex_intersection,
          kennysheep_generic_room_14
D:5:      layout_cave_pools, lemuel_coloured_pillars_altar,
          guppyfry_early_lair_pool
D:6:      minmay_cornered_nines, layout_basic, lemuel_tele_altar,
          minmay_temple_entry_statues_pillars
D:7:      layout_layer_cave, yredelemnul_altar_generic, serial_shops,
          nicolae_stop_n_shop_1, kennysheep_nub, roderic_st_hans_cross,
          kennysheep_generic_room_12
D:8:      layout_loops_corners, jmf_multi_god_temple, lair_entry_dummy,
          serial_shops, kennysheep_mini, blue_anna_alchemist
D:9:      layout_basic, eino_curves_01, wad_rectangle_vault, uniq_maggie
Lair:1:   layout_misc_corridors

Skill      XL: |  1  2  3  4  5  6  7  8  9 10 |
---------------+-------------------------------+-----
Dodging        | 2 3 4 5 7 |  7.4
Fighting       | 1 3 4 5 6 8 |  8.6
Maces & Flails | 2 3 4 5 7 |  7.6
Translocations | 2 3 4 |  4.5
Spellcasting   | 3 4 5 |  5.0
Necromancy     | 5 |  5.0
Stealth        | |  1.7

Action                   |  1- 3 |  4- 6 |  7- 9 | 10-12 || total
-------------------------+-------+-------+-------+-------++-------
Melee: Unarmed           |    18 |       |       |       ||    18
       Tailslap          |     8 |    10 |    42 |     6 ||    66
       Club              |    58 |       |       |       ||    58
       Mace              |     5 |   139 |   236 |       ||   380
       Morningstar       |       |       |   190 |    32 ||   222
 Cast: Pain              |    35 |    20 |    29 |       ||    84
       Animate Skeleton  |     3 |     7 |    14 |     2 ||    26
       Vampiric Draining |       |     8 |    43 |     2 ||    53
       Blink             |       |       |     2 |       ||     2
Evoke: Wand              |       |       |     4 |       ||     4
  Use: Potion            |     1 |     3 |     3 |       ||     7
       Scroll            |     1 |       |    12 |       ||    13
 Stab: Sleeping          |     1 |     3 |     3 |       ||     7
       Paralysed         |       |     2 |     8 |     2 ||    12
Armor: Skin              |    36 |    62 |   161 |    18 ||   277
Dodge: Dodged            |    77 |   113 |   403 |    38 ||   631
